Map: King's Cove LE

Players

SithMonsteR - Winner!

  • Race: Protoss Protoss
  • League: Silver
  • Spawn Location: 11:00

TiPtOP

  • Race: Terran Terran
  • Spawn Location: 5:00

VOD

Have the link to the VOD?

Description

Time

  • Played on: May 7, 2019, 1:25 a.m.
  • Length: 15:54
Show
View Real Time Build Order
Export as new Build Order

SithMonsteR Protoss - Winner!

Build Orders: Oracle Opening 

Get SALT Encoding   

  12  0:13  Pylon  
  12  0:17  Probe  
  13  0:29  Probe  
  13  0:35  Gateway  
  14  0:42  Probe  
  15  0:45  Assimilator  
  15  0:55  Probe  
  16  1:03  Gateway  
  16  1:08  Probe  
  16  1:12  Assimilator  
  16  1:16  Probe  
  18  1:25  Probe  
  19  1:34  Cybernetics Core  
  19  1:36  Pylon  
  19  1:40  Probe  
  20  1:52  Probe  
  20  2:00  Probe  
  21  2:03  Warp Gate  
  22  2:09  Probe  
  22  2:10  Adept x2  
  27  2:33  Stargate  
  26  3:21  Probe  
  27  3:30  Nexus  
  27  3:33  Stalker  
  29  3:34  Pylon  
  29  3:39  Gateway  
  29  3:42  Gateway  
  29  3:48  Oracle  
  29  3:54  Pylon  
  32  4:09  Twilight Council  
  32  4:18  Oracle  
  32  4:21  Stalker  
  37  4:37  Probe  
  38  4:42  Probe  
  39  4:47  Assimilator  
  39  4:49  Probe  
  40  4:54  Probe, Charge  
  41  5:08  Probe x2  
  43  5:18  Protoss Air Weapons Level 1  
  43  5:30  Dark Shrine  
  43  5:31  Pylon  
  43  6:03  Probe x2  
  45  6:09  Fleet Beacon  
  45  6:15  Probe x2  
  45  6:18  Gateway  
  47  6:19  Gateway  
  47  6:22  Gateway  
  47  6:24  Gateway  
  47  6:38  Zealot x4  
  46  7:01  Stalker x3  
  52  7:09  Phoenix  
  51  7:55  Probe  
  52  8:07  Probe, Assimilator  
  53  8:14  Dark Templar  
  53  8:19  Probe  
  56  8:29  Stargate  
  56  8:31  Probe  
  57  8:35  Zealot x3  
  57  8:36  Zealot x3  
  69  8:43  Pylon  
  69  8:49  Pylon  
  69  9:07  Robotics Facility  
  69  9:17  Probe x2  
  71  9:29  Probe  
  72  9:35  Tempest x2  
  72  9:37  Nexus  
  82  9:41  Stargate  
  82  9:45  Pylon  
  82  9:48  Pylon  
  82  9:52  Pylon  
  82  10:00  Probe x2  
  84  10:12  Stargate  
  84  10:18  Pylon  
  79  10:26  Stalker  
  79  10:28  Stalker  
  74  10:37  Tempest  
  79  11:05  Forge  
  79  11:08  Gateway  
  79  11:10  Gateway  
  79  11:12  Gateway  
  79  11:16  Warp Prism  
  81  11:18  Gateway  
  81  11:30  Assimilator  
  81  12:25  Probe  
  62  12:37  Probe  
  62  12:42  Zealot x2  
  62  12:43  Zealot x4  
  62  12:44  Zealot  
  69  12:49  Probe  
  70  13:03  Tempest x3  
  85  13:25  Zealot  
  79  13:27  Zealot  
  79  13:28  Zealot x4  
  85  13:46  Tempest  
  85  13:47  Tempest  
  93  14:27  Tempest  
  93  14:28  Tempest  
  93  14:29  Tempest  
  100  14:51  Stalker x2  
  100  14:52  Dark Templar  
  104  14:55  Zealot x3  
  106  15:41  Dark Templar x3  
Show
View Real Time Build Order
Export as new Build Order

TiPtOP Terran 

Build Orders:  

Get SALT Encoding   

  12  0:02  SCV  
  13  0:15  SCV  
  14  0:22  Supply Depot  
  14  0:27  SCV  
  15  0:32  Refinery  
  15  0:50  Barracks  
  15  0:51  SCV  
  16  1:04  SCV  
  16  1:09  Supply Depot  
  17  1:18  SCV  
  18  1:34  Barracks  
  18  1:38  Reaper  
  19  1:46  SCV  
  20  2:00  SCV  
  21  2:11  Factory  
  21  2:19  SCV  
  22  2:32  SCV  
  22  2:34  Refinery  
  23  2:44  SCV, Barracks Tech Lab  
  24  3:13  SCV  
  24  3:14  Marine  
  24  3:15  Marauder  
  27  3:28  Factory Reactor  
  27  3:36  Starport  
  27  3:38  SCV  
  28  3:50  Command Center  
  28  3:56  Barracks Reactor  
  28  4:16  SCV  
  29  4:29  Marauder  
  31  4:51  Supply Depot  
  31  4:55  Supply Depot  
  31  4:56  Supply Depot  
  31  5:01  SCV, Marine x2, Marauder  
  31  5:03  Medivac x2  
  40  5:13  SCV  
  41  5:16  SCV  
  41  5:19  Marine x2  
  44  5:23  Marauder  
  44  5:26  Orbital Command  
  46  5:37  Marine x2  
  46  5:40  Viking x2  
  52  5:44  Marauder  
  47  6:04  SCV  
  48  6:11  Marine x2  
  48  6:12  Marauder  
  48  6:16  SCV  
  53  6:20  SCV  
  53  6:23  Engineering Bay  
  54  6:32  SCV  
  54  7:00  Marine x2, Marauder  
  58  7:45  Marine x2, Marauder  
  62  8:06  Marine x2  
  62  8:07  SCV x2, Marauder  
  68  8:15  Missile Turret  
  68  8:23  SCV  
  68  8:25  SCV  
  68  8:26  Missile Turret  
  70  9:03  Supply Depot  
  70  9:06  Supply Depot  
  70  9:11  Stimpack  
  70  9:12  Terran Infantry Weapons Level 1  
  70  9:14  Missile Turret  
  70  9:15  Factory Tech Lab  
  70  9:25  SCV x2, Marauder  
  74  9:42  Missile Turret  
  74  9:45  Refinery, SCV x2  
  75  9:47  Marine x2, Marauder  
  75  9:50  Viking x2  
  84  9:57  SCV  
  84  9:58  SCV  
  86  10:25  Marauder  
  84  10:29  Siege Tank  
  85  10:54  Supply Depot  
  85  10:56  Command Center  
  85  10:57  Supply Depot  
  85  11:01  Marine  
  86  11:15  Siege Tank, Marine  
  86  11:16  Marauder  
  92  11:20  SCV  
  92  11:21  SCV  
  93  11:37  Marauder  
  93  11:58  Marauder  
  81  12:05  Viking x2  
  81  12:08  Starport  
  85  12:15  SCV  
  86  12:20  SCV x2  
  88  12:27  SCV  
  84  12:32  SCV x2  
  49  12:58  Marine x2, Marauder  
  49  13:01  Siege Tank  
  42  13:44  Marine x2  
  42  13:45  Marauder  
  42  13:46  Siege Tank  
  49  14:05  Marine x2  
  49  14:06  Marauder  
  53  14:28  Marauder  
  44  15:03  Marine x3  
  47  15:21  Marine x3  
Tags
 
Add a new tag
Caveats
  • Supply blocks, unpowered buildings, or Contaminate may cause inaccurate times.
  • Supply counts are checked every 10 seconds.